 Dungeon Crawl Stone Soup version 0.22-a0 (webtiles) character file.

5 4thArraOfDagon the Sneak (level 1, -9/16 HPs)
             Began as a Vampire Wanderer on Dec 31, 2017.
             Killed by divine providence
             ... invoked by an orc priest
              (10 damage)
             ... on level 3 of the Dungeon.
             The game lasted 00:00:57 (166 turns).

4thArraOfDagon the Sneak (Vampire Wanderer)          Turns: 166, Time: 00:00:57

Health: -9/16      AC:  5    Str: 10    XL:     1   Next: 66%
Magic:  1/1        EV:  9    Int: 14    God:
Gold:   7          SH:  0    Dex: 14    Spells: 0/0 levels left

rFire    . . .     SeeInvis +   a - +2 spear
rCold    . . .     Gourm    .   (no shield)
rNeg     . . .     Faith    .   b - +0 ring mail
rPois    .         Spirit   .   (no helmet)
rElec    .         Reflect  .   (no cloak)
rCorr    .         Harm     .   (no gloves)
MR       .....                  (no boots)
Stlth    ++........             (no amulet)
HPRegen  0.25/turn              (no ring)
MPRegen  0.07/turn              (no ring)

@: regenerating quickly
A: fangs 3, see invisible, unbreathing
a: no special abilities


You were on level 3 of the Dungeon.
You were full.

You visited 1 branch of the dungeon, and saw 3 of its levels.

You collected 7 gold pieces.

Inventory:

Hand Weapons
 a - a +2 spear (weapon)
 d - a +0 dagger
Armour
 b - a +0 ring mail (worn)
Scrolls
 c - a scroll of teleportation
 g - a scroll of remove curse {unknown}
Potions
 e - a potion of blood


   Skills:
 + Level 2.0 Fighting
   Level 1.0(1.3) Axes
 + Level 1.3(1.5) Polearms
 - Level 1.5 Armour
 - Level 3.0 Stealth
   Level 1.0 Shields
   Level 1.0 Evocations


You couldn't memorise any spells.
You didn't know any spells.

Dungeon Overview and Level Annotations

Branches:
Dungeon (3/15)

Altars:

Annotations:
D:3 1 transporter


Innate Abilities, Weirdness & Mutations

Your natural rate of healing is unusually fast.
You have razor-sharp teeth.
You have supernaturally acute eyesight. (SInv)
You can survive without breathing.


Message History

Attack whom?
Press: ? - help, Dir - move target cursor, f - orc priest
Aim: an orc priest, wielding a dagger and wearing a leather armour You reach to attack!
You closely miss the orc priest. You hit the orc priest.
The orc priest is moderately wounded.
The orc priest invokes the aid of Beogh against you.
Pain shoots through your body!
Ouch! That really hurt!
* * * LOW HITPOINT WARNING * * *
You are too injured to fight recklessly!
You are too injured to fight recklessly!
You are too injured to fight recklessly!
Okay, then.
You hit the orc priest.
The orc priest is heavily wounded.
The orc priest invokes the aid of Beogh against you.
Beogh smites you!
Ouch! That really hurt!
You die...

##### ######### ....
#.......# ... #.......#
..# #.......######### ..
##.............<.. #.
#..............##.
###.#####.(...........?...
#...)..oo@#####.#......##.
#...#.((##### #.....#...#
#.....©...o.# #######.#.#
#.#########.# ..#...
#.#8P.©.P8#.# #####.
#.#P../..P#..o....o
#.####+####?.####.o
#.#.≈...≈5#..#
#.#.≈...≈o#..#


You could see an orc priest and an orc.

Vanquished Creatures
  An orc (D:3)
  A kobold (D:3)
  A bat (D:3)
  A goblin (D:1)
  A rat (D:1)
5 creatures vanquished.

Notes
Turn   | Place    | Note
-------+----------+-------------------------------------------
     0 | D:1      | 4thArraOfDagon the Vampire Wanderer began the quest for the Orb.
     0 | D:1      | 4thArraOfDagon set off with: a +2 spear, a +0 ring mail, a scroll of teleportation, a +0 dagger, a potion of blood
     0 | D:1      | Reached XP level 1. HP: 16/16 MP: 1/1
   135 | D:3      | Found a transporter.
   152 | D:3      | Noticed an orc priest
   155 | D:3      | Noticed an orc priest
   166 | D:3      | Killed from afar by an orc priest

Vault maps used:
D:1:      tarquinn_simple_flora_water_d, serial_park_tiny_pond
D:2:      minivault_27, lemuel_flame_loot_1
D:3:      gammafunk_wand_slinger, hangedman_feature_mirror

Skill      XL: |  1 |
---------------+----+-----
Fighting       | 2 |  2.0
Axes           | |  1.0
Polearms       | |  1.3
Armour         | |  1.5
Stealth        | |  3.0
Shields        | |  1.0
Evocations     | |  1.0

Action                   || total
-------------------------++-------
Melee: Spear             ||    14
  Use: Potion            ||     1
  Eat: Corpse            ||     2
Armor: Ring mail         ||     2
Dodge: Dodged            ||     5

Table legend:
 A = Spawn XP
 B = Non-spawn XP
 C = Spawn XP percentage of total XP
 D = Spawn monster count
 E = Non-spawn monster count
 F = Spawn count percentage of total count
 G = Total turns spent on level
                    A         B        C        D         E        F      G
               +---------+---------+-------+---------+---------+-------+---------
         Total |       0 |       8 |   0.0 |       0 |       5 |   0.0 |   166
               +---------+---------+-------+---------+---------+-------+---------
           D:1 |       0 |       2 |   0.0 |       0 |       2 |   0.0 |   102
           D:3 |       0 |       6 |   0.0 |       0 |       3 |   0.0 |    46
               +---------+---------+-------+---------+---------+-------+---------
